Los Angeles Kings vs St.Louis Blues
Created - Saturday, April 22, 2023 at 07:17
Goals
|
| Los Angeles Kings |
0 |
3 |
2 |
5 |
| St.Louis Blues |
0 |
2 |
2 |
4 |
|
Shots
|
| Los Angeles Kings |
15 |
14 |
10 |
39 |
| St.Louis Blues |
9 |
8 |
15 |
32 |
|
1st period
No Goal
Penalties :
No Penalty
2nd period
1. Los Angeles Kings , Nicklas Backstrom 20 (Andrei Svechnikov 28, Kirby Dach 6) at 4:40 (PP)
2. Los Angeles Kings , Dominik Kubalik 8 (Seth Jarvis 12, Alexander Radulov 10) at 4:57
3. St.Louis Blues , Jake Guentzel 12 (Alex DeBrincat 12, Colton Parayko 7) at 6:37
4. Los Angeles Kings , Seth Jarvis 9 (Dominik Kubalik 16, Alexander Radulov 11) at 9:31
5. St.Louis Blues , Jake Guentzel 13 (Elias Pettersson 23) at 16:37
Penalties :
Erik Brannstrom (LAK) for Interference (Minor) at 0:13, Colton Parayko (STL) for Hooking (Minor) at 3:55
3rd period
6. St.Louis Blues , Tage Thompson 6 (Alex DeBrincat 13, Joe Pavelski 13) at 4:26
7. Los Angeles Kings , Kirby Dach 13 (Dominik Kubalik 17) at 8:52 (SH)
8. St.Louis Blues , Jake Guentzel 14 (Morgan Rielly 12, Robert Thomas 17) at 12:48
9. Los Angeles Kings , Peyton Krebs 7 (Noah Dobson 19) at 17:07
Penalties :
Mike Matheson (LAK) for Hooking (Minor) at 8:00
Goalie Stats
Aaron Dell (LAK), 28 saves from 32 shots - (0.875), W, 5-6-2, 60:00 minutes
Frederik Andersen (STL), 34 saves from 39 shots - (0.872), L, 13-8-1, 59:18 minutes
Players Stats for Los Angeles Kings
Player Name G A P +/- PIM S H SB GA TA FO MP PP MP PK MP
------------------------------------------------------------------------------------
Alexander Radulov 0 2 2 -2 0 3 0 0 1 0 1/2 14:55 0:00 0:00
Andrei Svechnikov 0 1 1 0 0 5 1 0 0 0 1/2 17:52 0:45 1:57
Cooper Marody 0 0 0 0 0 0 0 0 2 0 5/7 8:56 0:00 0:00
Dominik Kubalik 1 2 3 -1 0 3 1 1 0 2 0/0 16:50 0:00 1:53
Erik Brannstrom 0 0 0 -1 2 3 2 1 1 0 0/0 20:40 0:00 0:54
Evan Polei 0 0 0 0 0 0 1 0 0 0 0/0 8:56 0:00 0:00
Jakub Zboril 0 0 0 0 0 1 0 2 0 0 0/0 16:27 0:00 0:00
K'Andre Miller 0 0 0 1 0 2 2 1 0 4 0/0 22:30 0:45 2:23
Kirby Dach 1 1 2 1 0 2 3 0 0 1 3/4 17:50 0:45 1:53
Mike Matheson 0 0 0 -1 2 1 1 4 0 1 0/0 19:37 0:00 1:13
Nicklas Backstrom 1 0 1 0 0 6 1 1 0 0 6/11 17:52 0:45 1:57
Noah Dobson 0 1 1 1 0 1 3 1 1 0 0/0 23:03 0:45 1:51
Peyton Krebs 1 0 1 1 0 4 1 0 0 0 5/14 16:22 0:00 0:08
Rasmus Sandin 0 0 0 0 0 0 3 0 0 1 0/0 19:07 0:00 1:35
Ryan Reaves 0 0 0 1 0 3 1 0 0 0 0/0 16:22 0:00 0:08
Seth Jarvis 1 1 2 -2 0 3 1 1 1 0 5/19 14:55 0:00 0:00
Tyler Gaudet 0 0 0 1 0 2 1 0 0 0 0/0 14:50 0:00 0:00
Vitaly Kravtsov 0 0 0 0 0 0 0 0 0 0 0/1 8:56 0:00 0:00
Players Stats for St.Louis Blues
Player Name G A P +/- PIM S H SB GA TA FO MP PP MP PK MP
------------------------------------------------------------------------------------
Adam Pelech 0 0 0 0 0 0 0 3 0 0 0/0 12:51 0:00 0:45
Alex DeBrincat 0 2 2 0 0 1 0 0 1 0 0/0 17:52 2:11 0:00
Alex Pietrangelo 0 0 0 0 0 5 1 0 0 2 0/0 26:11 2:06 0:00
Colton Parayko 0 1 1 0 2 2 0 0 0 2 0/0 23:43 0:00 0:00
Curtis Lazar 0 0 0 0 0 0 1 0 0 0 0/0 6:43 0:00 0:00
Danny DeKeyser 0 0 0 0 0 0 0 0 0 0 0/0 12:51 0:00 0:45
Elias Pettersson 0 1 1 1 0 4 2 0 4 0 0/3 22:34 1:47 0:00
Evander Kane 0 0 0 -1 0 3 2 0 0 0 0/0 15:21 1:51 0:00
Frederick Gaudreau 0 0 0 0 0 2 0 0 1 0 2/5 7:28 0:00 0:45
Jack Eichel 0 0 0 -2 0 1 2 0 1 1 2/3 14:15 2:07 0:00
Jake Guentzel 3 0 3 1 0 7 1 0 1 0 1/2 24:01 1:52 0:00
Jimmy Vesey 0 0 0 0 0 1 2 1 0 1 0/1 7:28 0:00 0:45
Joe Pavelski 0 1 1 -1 0 2 2 0 0 0 6/15 16:26 2:07 0:00
Jonas Brodin 0 0 0 1 0 0 0 1 0 0 0/0 17:03 0:00 0:00
Morgan Rielly 0 1 1 0 0 2 0 2 0 0 0/0 20:58 1:52 0:00
Ondrej Kase 0 0 0 -1 0 0 0 2 0 0 1/1 12:06 0:00 0:00
Robert Thomas 0 1 1 2 0 1 0 2 0 0 22/30 24:00 1:51 0:00
Tage Thompson 1 0 1 0 0 1 0 0 1 0 0/0 17:23 2:06 0:00
3 Stars
1 - Jake Guentzel (STL)
2 - Kirby Dach (LAK)
3 - Dominik Kubalik (LAK)
Power Play
Los Angeles Kings - 1 on 1 Attempt(s) - 100.00%
St.Louis Blues - 0 on 2 Attempt(s) - 0.00%
Penalty Kill
Los Angeles Kings - 2 on 2 Attempt(s) - 100.00%
- Score 1 goal in Penalty Kill
St.Louis Blues - 0 on 1 Attempt(s) - 0.00%
- Score 0 goal in Penalty Kill
Team Stat
Los Angeles Kings - Hits : 22 - Faceoff Wins : 26 - Blocked Shots : 12 - Penalty Minutes : 4
St.Louis Blues - Hits : 13 - Faceoff Wins : 34 - Blocked Shots : 11 - Penalty Minutes : 2
Official
Referees : Kyle Rehman and TJ Luxmore
Linesman : Trent Knorr and Mark Wheler
Game Notes
Jake Guentzel has scored a Hat Trick!
Finance
Level 1 -- Attendance: 5328 (88.80%) -- Ticket Income $516,816
Level 2 -- Attendance: 5000 (100.00%) -- Ticket Income $285,000
Level 3 -- Attendance: 2604 (86.80%) -- Ticket Income $88,536
Level 4 -- Attendance: 4497 (89.94%) -- Ticket Income $103,431
Luxury Box -- Attendance: 959 (95.90%) -- Ticket Income $186,046
Game was played at the Scottrade Center.
Total Attendance: 18388 (91.94%)
Total Ticket Income: $1,179,829
Other Income: $412,940
Total Income: $1,592,769
Los Angeles Kings
5 vs 5 Forward
Center Left Wing Right Wing Time % Phy DF OF
1 Nicklas Backstrom Andrei Svechnikov Kirby Dach 30 1 2 2
2 Seth Jarvis Dominik Kubalik Alexander Radulov 30 1 2 2
3 Peyton Krebs Tyler Gaudet Ryan Reaves 25 1 2 2
4 Cooper Marody Vitaly Kravtsov Evan Polei 15 1 2 2
5 vs 5 Defense
Defense Defense Time % Phy DF OF
1 Noah Dobson K'Andre Miller 35 1 2 2
2 Mike Matheson Erik Brannstrom 35 1 2 2
3 Jakub Zboril Rasmus Sandin 30 1 2 2
4 Noah Dobson K'Andre Miller 0 1 2 2
PowerPlay Forward
Center Left Wing Right Wing Time % Phy DF OF
1 Nicklas Backstrom Andrei Svechnikov Kirby Dach 50 1 2 2
2 Seth Jarvis Dominik Kubalik Alexander Radulov 50 1 2 2
PowerPlay Defense
Defense Defense Time % Phy DF OF
1 Noah Dobson K'Andre Miller 50 1 2 2
2 Mike Matheson Erik Brannstrom 50 1 2 2
Penalty Kill 4 Players Forward
Center Wing Time % Phy DF OF
1 Andrei Svechnikov Nicklas Backstrom 50 1 2 2
2 Kirby Dach Dominik Kubalik 50 1 2 2
Penalty Kill 4 Players Defense
Defense Defense Time % Phy DF OF
1 Noah Dobson K'Andre Miller 50 1 2 2
2 Mike Matheson Erik Brannstrom 50 1 2 2
Penalty Kill - 3 Players Forward
Forward Time % Phy DF OF
1 Andrei Svechnikov 50 1 2 2
2 Nicklas Backstrom 50 1 2 2
Penalty Kill - 3 Players Defense
Defense Defense Time % Phy DF OF
1 Noah Dobson K'Andre Miller 50 1 2 2
2 Mike Matheson Erik Brannstrom 50 1 2 2
4 vs 4 Forward
Center Wing Time % Phy DF OF
1 Andrei Svechnikov Nicklas Backstrom 50 1 2 2
2 Kirby Dach Dominik Kubalik 50 1 2 2
4 vs 4 Defense
Defense Defense Time % Phy DF OF
1 Noah Dobson K'Andre Miller 50 1 2 2
2 Mike Matheson Erik Brannstrom 50 1 2 2
Last Minutes Offensive
Center Left Wing Right Wing Defense Defense
Nicklas Backstrom Andrei Svechnikov Kirby Dach Noah Dobson K'Andre Miller
Last Minutes Defensive
Center Left Wing Right Wing Defense Defense
Nicklas Backstrom Andrei Svechnikov Kirby Dach Noah Dobson K'Andre Miller
Goaltenders
Starting : Aaron Dell
Backup : John Gibson
Extra Forwards
Normal : Evan Polei, Peyton Krebs, Ryan Reaves - PP : Evan Polei, Peyton Krebs - PK : Ryan Reaves
Extra Defensemen
Normal : Jakub Zboril, Rasmus Sandin, Mike Matheson - PP : Jakub Zboril - PK : Rasmus Sandin, Mike Matheson
Penalty Shots
Andrei Svechnikov, Nicklas Backstrom, Kirby Dach, Dominik Kubalik, Alexander Radulov
St.Louis Blues
5 vs 5 Forward
Center Left Wing Right Wing Time % Phy DF OF
1 Robert Thomas Elias Pettersson Jake Guentzel 40 0 2 3
2 Joe Pavelski Alex DeBrincat Tage Thompson 30 0 2 3
3 Jack Eichel Evander Kane Ondrej Kase 20 1 2 2
4 Frederick Gaudreau Jimmy Vesey Curtis Lazar 10 1 3 1
5 vs 5 Defense
Defense Defense Time % Phy DF OF
1 Alex Pietrangelo Colton Parayko 40 1 2 2
2 Morgan Rielly Jonas Brodin 30 1 2 2
3 Danny DeKeyser Adam Pelech 20 1 2 2
4 Alex Pietrangelo Colton Parayko 10 1 2 2
PowerPlay Forward
Center Left Wing Right Wing Time % Phy DF OF
1 Joe Pavelski Jack Eichel Elias Pettersson 60 1 0 4
2 Robert Thomas Alex DeBrincat Evander Kane 40 1 0 4
PowerPlay Defense
Defense Defense Time % Phy DF OF
1 Morgan Rielly Jake Guentzel 60 0 1 4
2 Tage Thompson Alex Pietrangelo 40 0 1 4
Penalty Kill 4 Players Forward
Center Wing Time % Phy DF OF
1 Frederick Gaudreau Jimmy Vesey 60 1 4 0
2 Robert Thomas Ondrej Kase 40 1 4 0
Penalty Kill 4 Players Defense
Defense Defense Time % Phy DF OF
1 Adam Pelech Danny DeKeyser 60 2 3 0
2 Jonas Brodin Colton Parayko 40 2 3 0
Penalty Kill - 3 Players Forward
Forward Time % Phy DF OF
1 Frederick Gaudreau 60 0 5 0
2 Robert Thomas 40 0 5 0
Penalty Kill - 3 Players Defense
Defense Defense Time % Phy DF OF
1 Adam Pelech Danny DeKeyser 60 1 4 0
2 Jonas Brodin Colton Parayko 40 1 4 0
4 vs 4 Forward
Center Wing Time % Phy DF OF
1 Elias Pettersson Tage Thompson 60 0 2 3
2 Robert Thomas Jake Guentzel 40 0 2 3
4 vs 4 Defense
Defense Defense Time % Phy DF OF
1 Alex Pietrangelo Colton Parayko 60 0 3 2
2 Morgan Rielly Jonas Brodin 40 0 3 2
Last Minutes Offensive
Center Left Wing Right Wing Defense Defense
Robert Thomas Elias Pettersson Jake Guentzel Tage Thompson Morgan Rielly
Last Minutes Defensive
Center Left Wing Right Wing Defense Defense
Frederick Gaudreau Jimmy Vesey Ondrej Kase Colton Parayko Alex Pietrangelo
Goaltenders
Starting : Frederik Andersen
Backup : Scott Wedgewood
Extra Forwards
Normal : Tage Thompson, Evander Kane, Frederick Gaudreau - PP : Alex DeBrincat, Jack Eichel - PK : Tage Thompson
Extra Defensemen
Normal : Morgan Rielly, Colton Parayko, Adam Pelech - PP : Jonas Brodin - PK : Colton Parayko, Alex Pietrangelo
Penalty Shots
Alex DeBrincat, Joe Pavelski, Tage Thompson, Elias Pettersson, Robert Thomas
% Time on Ice - Los Angeles Kings
Lines # - Real PCT - Wanted PCT - Time Play
Normal Forward
1 - 28% - 30% - 15:23
2 - 28% - 30% - 14:57
3 - 27% - 25% - 14:50
4 - 17% - 15% - 8:56
Normal Defense
1 - 35% - 35% - 18:52
2 - 34% - 35% - 18:23
3 - 30% - 30% - 16:08
4 - 1% - 0% - 0:43
PP Forward
1 - 100% - 50% - 0:45
2 - 0% - 50% - 0:00
PP Defense
1 - 100% - 50% - 0:45
2 - 0% - 50% - 0:00
PK Forward
1 - 53% - 50% - 2:05
2 - 47% - 50% - 1:53
PK Defense
1 - 47% - 50% - 1:51
2 - 53% - 50% - 2:07
PK3 Forward
1 - 0% - 50%
2 - 0% - 50%
PK3 Defense
1 - 0% - 50%
2 - 0% - 50%
44 Forward
1 - 0% - 50%
2 - 0% - 50%
44 Defense
1 - 0% - 50%
2 - 0% - 50%
Last Minute Offensive - 0:00
Last Minute Defensive - 1:11
Total
Forward - 60:00
Defense - 60:00
|
% Time on Ice - St.Louis Blues
Lines # - Real PCT - Wanted PCT - Time Play
Normal Forward
1 - 36% - 40% - 19:35
2 - 29% - 30% - 15:41
3 - 22% - 20% - 12:06
4 - 12% - 10% - 6:43
Normal Defense
1 - 40% - 40% - 21:24
2 - 32% - 30% - 17:24
3 - 21% - 20% - 11:33
4 - 7% - 10% - 3:44
PP Forward
1 - 53% - 60% - 2:07
2 - 47% - 40% - 1:51
PP Defense
1 - 47% - 60% - 1:52
2 - 53% - 40% - 2:06
PK Forward
1 - 100% - 60% - 0:45
2 - 0% - 40% - 0:00
PK Defense
1 - 100% - 60% - 0:45
2 - 0% - 40% - 0:00
PK3 Forward
1 - 0% - 60%
2 - 0% - 40%
PK3 Defense
1 - 0% - 60%
2 - 0% - 40%
44 Forward
1 - 0% - 60%
2 - 0% - 40%
44 Defense
1 - 0% - 60%
2 - 0% - 40%
Last Minute Offensive - 1:12
Last Minute Defensive - 0:00
Total
Forward - 60:00
Defense - 60:00
|
Play-by-Play
1st period
0:01 of 1st period - Nicklas Backstrom wins face-off versus Robert Thomas in neutral zone.
0:06 of 1st period - Slapshot by Andrei Svechnikov.
0:06 of 1st period - Stopped by Frederik Andersen without a rebound.
0:07 of 1st period - Nicklas Backstrom wins face-off versus Robert Thomas in St.Louis Blues zone.
0:16 of 1st period - Wrist shot by Andrei Svechnikov.
0:16 of 1st period - Stopped by Frederik Andersen with a rebound.
0:18 of 1st period - Snap shot by Nicklas Backstrom.
0:18 of 1st period - Shot Misses the Net.
2:25 of 1st period - Snap shot by Jack Eichel.
2:25 of 1st period - Shot Misses the Net.
3:43 of 1st period - Wrist shot by Jack Eichel.
3:43 of 1st period - Shot Misses the Net.
3:45 of 1st period - Snap shot by Ondrej Kase.
3:45 of 1st period - Shot Hit the Post.
3:47 of 1st period - Slapshot by Alex Pietrangelo.
3:47 of 1st period - Shot Misses the Net.
4:08 of 1st period - Ryan Reaves is hit by Elias Pettersson and loses puck.
4:33 of 1st period - Wrist shot by Nicklas Backstrom.
4:33 of 1st period - Stopped by Frederik Andersen without a rebound.
4:34 of 1st period - Seth Jarvis wins face-off versus Joe Pavelski in St.Louis Blues zone.
4:41 of 1st period - K'Andre Miller is hit by Joe Pavelski and loses puck.
5:20 of 1st period - Slapshot by Ryan Reaves.
5:20 of 1st period - Stopped by Frederik Andersen with a rebound.
5:30 of 1st period - Wrist shot by Ryan Reaves.
5:30 of 1st period - Stopped by Frederik Andersen without a rebound.
5:31 of 1st period - Alexander Radulov wins face-off versus Robert Thomas in St.Louis Blues zone.
5:34 of 1st period - Snap shot by Dominik Kubalik.
5:34 of 1st period - Shot Blocked by Robert Thomas.
5:40 of 1st period - Mike Matheson is hit by Elias Pettersson and loses puck.
5:57 of 1st period - Alex Pietrangelo is hit by Andrei Svechnikov and loses puck.
6:18 of 1st period - Wrist shot by Evander Kane.
6:18 of 1st period - Stopped by Aaron Dell with a rebound.
6:20 of 1st period - Slapshot by Colton Parayko.
6:20 of 1st period - Stopped by Aaron Dell without a rebound.
6:21 of 1st period - Ondrej Kase wins face-off versus Cooper Marody in Los Angeles Kings zone.
6:26 of 1st period - Slapshot by Jack Eichel.
6:26 of 1st period - Shot Hit the Post.
6:28 of 1st period - Slapshot by Morgan Rielly.
6:28 of 1st period - Shot Blocked by Noah Dobson.
6:54 of 1st period - Snap shot by Seth Jarvis.
6:54 of 1st period - Shot Misses the Net.
6:56 of 1st period - Snap shot by K'Andre Miller.
6:56 of 1st period - Stopped by Frederik Andersen without a rebound.
6:57 of 1st period - Peyton Krebs wins face-off versus Joe Pavelski in St.Louis Blues zone.
7:43 of 1st period - Off-side.
7:44 of 1st period - Cooper Marody wins face-off versus Frederick Gaudreau in neutral zone.
7:49 of 1st period - Slapshot by Mike Matheson.
7:49 of 1st period - Shot Blocked by Jimmy Vesey.
8:11 of 1st period - Snap shot by Elias Pettersson.
8:11 of 1st period - Shot Misses the Net.
8:13 of 1st period - Slapshot by Morgan Rielly.
8:13 of 1st period - Stopped by Aaron Dell with a rebound.
8:15 of 1st period - Wrist shot by Robert Thomas.
8:15 of 1st period - Shot Misses the Net.
8:33 of 1st period - Wrist shot by Andrei Svechnikov.
8:33 of 1st period - Shot Misses the Net.
8:39 of 1st period - Slapshot by Seth Jarvis.
8:39 of 1st period - Stopped by Frederik Andersen with a rebound.
8:41 of 1st period - Snap shot by Dominik Kubalik.
8:41 of 1st period - Deflect By Seth Jarvis.
8:41 of 1st period - Stopped by Frederik Andersen without a rebound.
8:42 of 1st period - Robert Thomas wins face-off versus Peyton Krebs in St.Louis Blues zone.
9:05 of 1st period - Icing by Robert Thomas.
9:06 of 1st period - Joe Pavelski wins face-off versus Nicklas Backstrom in St.Louis Blues zone.
9:33 of 1st period - Robert Thomas is hit by Rasmus Sandin and loses puck.
10:01 of 1st period - Backhand shot by Jack Eichel.
10:01 of 1st period - Deflect By Evander Kane.
10:01 of 1st period - Stopped by Aaron Dell without a rebound.
10:02 of 1st period - Joe Pavelski wins face-off versus Seth Jarvis in Los Angeles Kings zone.
10:56 of 1st period - Slapshot by Peyton Krebs.
10:56 of 1st period - Shot Misses the Net.
10:58 of 1st period - Wrist shot by Tyler Gaudet.
10:58 of 1st period - Shot Misses the Net.
11:18 of 1st period - Slapshot by Mike Matheson.
11:18 of 1st period - Stopped by Frederik Andersen without a rebound.
11:19 of 1st period - Robert Thomas wins face-off versus Seth Jarvis in St.Louis Blues zone.
11:29 of 1st period - Icing by Morgan Rielly.
11:30 of 1st period - Nicklas Backstrom wins face-off versus Robert Thomas in St.Louis Blues zone.
11:35 of 1st period - Snap shot by Nicklas Backstrom.
11:35 of 1st period - Stopped by Frederik Andersen with a rebound.
11:37 of 1st period - Slapshot by Mike Matheson.
11:37 of 1st period - Shot Blocked by Jonas Brodin.
12:22 of 1st period - Snap shot by Nicklas Backstrom.
12:22 of 1st period - Stopped by Frederik Andersen without a rebound.
12:23 of 1st period - Joe Pavelski wins face-off versus Seth Jarvis in St.Louis Blues zone.
12:30 of 1st period - Wrist shot by Dominik Kubalik.
12:30 of 1st period - Shot Misses the Net.
12:57 of 1st period - Snap shot by Frederick Gaudreau.
12:57 of 1st period - Shot Misses the Net.
14:11 of 1st period - Snap shot by Jake Guentzel.
14:11 of 1st period - Stopped by Aaron Dell with a rebound.
14:17 of 1st period - Wrist shot by Elias Pettersson.
14:17 of 1st period - Stopped by Aaron Dell without a rebound.
14:18 of 1st period - Joe Pavelski wins face-off versus Peyton Krebs in Los Angeles Kings zone.
14:27 of 1st period - Snap shot by Joe Pavelski.
14:27 of 1st period - Shot Blocked by Mike Matheson.
15:04 of 1st period - Tage Thompson is hit by Kirby Dach and loses puck.
15:23 of 1st period - Wrist shot by Alex DeBrincat.
15:23 of 1st period - Shot Hit the Post.
15:25 of 1st period - Slapshot by Alex Pietrangelo.
15:25 of 1st period - Deflect By Alex DeBrincat.
15:25 of 1st period - Shot Misses the Net.
15:25 of 1st period - Puck is out of play.
15:26 of 1st period - Robert Thomas wins face-off versus Peyton Krebs in Los Angeles Kings zone.
15:29 of 1st period - Snap shot by Robert Thomas.
15:29 of 1st period - Stopped by Aaron Dell with a rebound.
15:31 of 1st period - Wrist shot by Elias Pettersson.
15:31 of 1st period - Shot Blocked by Mike Matheson.
15:33 of 1st period - Wrist shot by Elias Pettersson.
15:33 of 1st period - Shot Blocked by Mike Matheson.
15:35 of 1st period - Wrist shot by Jake Guentzel.
15:35 of 1st period - Stopped by Aaron Dell without a rebound.
15:36 of 1st period - Peyton Krebs wins face-off versus Robert Thomas in Los Angeles Kings zone.
15:52 of 1st period - Icing by Robert Thomas.
15:53 of 1st period - Seth Jarvis wins face-off versus Robert Thomas in St.Louis Blues zone.
15:54 of 1st period - Slapshot by Dominik Kubalik.
15:54 of 1st period - Stopped by Frederik Andersen with a rebound.
15:56 of 1st period - Slapshot by Alexander Radulov.
15:56 of 1st period - Stopped by Frederik Andersen with a rebound.
15:58 of 1st period - Snap shot by Dominik Kubalik.
15:58 of 1st period - Shot Misses the Net.
17:02 of 1st period - K'Andre Miller is hit by Curtis Lazar and loses puck.
17:15 of 1st period - Wrist shot by Peyton Krebs.
17:15 of 1st period - Stopped by Frederik Andersen with a rebound.
17:27 of 1st period - Jake Guentzel is hit by Rasmus Sandin and loses puck.
17:34 of 1st period - Backhand shot by Dominik Kubalik.
17:34 of 1st period - Shot Blocked by Adam Pelech.
18:16 of 1st period - Danny DeKeyser is hit by Rasmus Sandin and loses puck.
19:16 of 1st period - Snap shot by Andrei Svechnikov.
19:16 of 1st period - Stopped by Frederik Andersen without a rebound.
19:17 of 1st period - Robert Thomas wins face-off versus Alexander Radulov in St.Louis Blues zone.
19:17 of 1st period - Robert Thomas is hit by K'Andre Miller.
19:27 of 1st period - Wrist shot by Elias Pettersson.
19:27 of 1st period - Stopped by Aaron Dell with a rebound.
19:29 of 1st period - Backhand shot by Colton Parayko.
19:29 of 1st period - Shot Misses the Net.
19:43 of 1st period - Alex Pietrangelo is hit by K'Andre Miller and loses puck.
Goals for this period are 0 for Los Angeles Kings vs 0 for St.Louis Blues.
Shots for this period are 15 for Los Angeles Kings vs 9 for St.Louis Blues.
2nd period
0:01 of 2nd period - Robert Thomas wins face-off versus Seth Jarvis in neutral zone.
0:13 of 2nd period - Minor Penalty to Erik Brannstrom for Interference.
0:14 of 2nd period - Andrei Svechnikov wins face-off versus Joe Pavelski in Los Angeles Kings zone.
1:04 of 2nd period - Dominik Kubalik is hit by Jack Eichel and loses puck.
1:56 of 2nd period - Kirby Dach is hit by Jake Guentzel and loses puck.
2:13 of 2nd period - Penalty to Erik Brannstrom is over, Erik Brannstrom is back on ice.
2:33 of 2nd period - Wrist shot by Alex DeBrincat.
2:33 of 2nd period - Shot Misses the Net.
2:41 of 2nd period - Erik Brannstrom is hit by Evander Kane and loses puck.
2:50 of 2nd period - Evander Kane is hit by Ryan Reaves and loses puck.
3:19 of 2nd period - Snap shot by Peyton Krebs.
3:19 of 2nd period - Stopped by Frederik Andersen with a rebound.
3:36 of 2nd period - Off-side.
3:37 of 2nd period - Seth Jarvis wins face-off versus Frederick Gaudreau in neutral zone.
3:53 of 2nd period - Snap shot by Alexander Radulov.
3:53 of 2nd period - Stopped by Frederik Andersen with a rebound.
3:55 of 2nd period - Minor Penalty to Colton Parayko for Hooking.
3:56 of 2nd period - Frederick Gaudreau wins face-off versus Nicklas Backstrom in St.Louis Blues zone.
4:38 of 2nd period - Wrist shot by Nicklas Backstrom.
4:38 of 2nd period - Shot Blocked by Adam Pelech.
4:40 of 2nd period - Snap shot by Nicklas Backstrom.
4:40 of 2nd period - Goal by Nicklas Backstrom - Los Angeles Kings : 1 - St.Louis Blues : 0.
4:41 of 2nd period - Frederick Gaudreau wins face-off versus Seth Jarvis in neutral zone.
4:55 of 2nd period - Wrist shot by Seth Jarvis.
4:55 of 2nd period - Shot Blocked by Ondrej Kase.
4:57 of 2nd period - Wrist shot by Dominik Kubalik.
4:57 of 2nd period - Goal by Dominik Kubalik - Los Angeles Kings : 2 - St.Louis Blues : 0.
4:58 of 2nd period - Robert Thomas wins face-off versus Seth Jarvis in neutral zone.
6:35 of 2nd period - Snap shot by Alex DeBrincat.
6:35 of 2nd period - Stopped by Aaron Dell with a rebound.
6:37 of 2nd period - Snap shot by Jake Guentzel.
6:37 of 2nd period - Goal by Jake Guentzel - Los Angeles Kings : 2 - St.Louis Blues : 1.
6:38 of 2nd period - Robert Thomas wins face-off versus Peyton Krebs in neutral zone.
7:03 of 2nd period - Elias Pettersson is hit by Mike Matheson and loses puck.
8:11 of 2nd period - Icing by Alexander Radulov.
8:12 of 2nd period - Joe Pavelski wins face-off versus Seth Jarvis in Los Angeles Kings zone.
8:13 of 2nd period - Snap shot by Alex DeBrincat.
8:13 of 2nd period - Shot Blocked by Dominik Kubalik.
8:59 of 2nd period - Snap shot by Dominik Kubalik.
8:59 of 2nd period - Shot Misses the Net.
9:01 of 2nd period - Slapshot by Jakub Zboril.
9:01 of 2nd period - Stopped by Frederik Andersen with a rebound.
9:27 of 2nd period - Snap shot by Dominik Kubalik.
9:27 of 2nd period - Shot Blocked by Morgan Rielly.
9:29 of 2nd period - Snap shot by Seth Jarvis.
9:29 of 2nd period - Shot Blocked by Morgan Rielly.
9:31 of 2nd period - Snap shot by Seth Jarvis.
9:31 of 2nd period - Goal by Seth Jarvis - Los Angeles Kings : 3 - St.Louis Blues : 1.
9:32 of 2nd period - Peyton Krebs wins face-off versus Elias Pettersson in neutral zone.
9:35 of 2nd period - Alex Pietrangelo is hit by Peyton Krebs and loses puck.
9:58 of 2nd period - Colton Parayko is hit by Kirby Dach.
10:29 of 2nd period - Snap shot by Andrei Svechnikov.
10:29 of 2nd period - Stopped by Frederik Andersen without a rebound.
10:30 of 2nd period - Jack Eichel wins face-off versus Peyton Krebs in St.Louis Blues zone.
10:30 of 2nd period - Jack Eichel is hit by Noah Dobson.
10:35 of 2nd period - Colton Parayko is hit by Noah Dobson and loses puck.
10:38 of 2nd period - Slapshot by Alex Pietrangelo.
10:38 of 2nd period - Stopped by Aaron Dell with a rebound.
10:42 of 2nd period - Snap shot by Evander Kane.
10:42 of 2nd period - Shot Misses the Net.
10:44 of 2nd period - Wrist shot by Jack Eichel.
10:44 of 2nd period - Shot Blocked by K'Andre Miller.
10:46 of 2nd period - Snap shot by Colton Parayko.
10:46 of 2nd period - Shot Misses the Net.
11:00 of 2nd period - Slapshot by Frederick Gaudreau.
11:00 of 2nd period - Stopped by Aaron Dell without a rebound.
11:01 of 2nd period - Cooper Marody wins face-off versus Jimmy Vesey in Los Angeles Kings zone.
11:59 of 2nd period - Slapshot by Tage Thompson.
11:59 of 2nd period - Shot Misses the Net.
12:05 of 2nd period - Snap shot by Alex DeBrincat.
12:05 of 2nd period - Shot Misses the Net.
12:07 of 2nd period - Wrist shot by Joe Pavelski.
12:07 of 2nd period - Stopped by Aaron Dell without a rebound.
12:08 of 2nd period - Robert Thomas wins face-off versus Seth Jarvis in Los Angeles Kings zone.
13:09 of 2nd period - Curtis Lazar is hit by Kirby Dach and loses puck.
13:30 of 2nd period - Slapshot by Erik Brannstrom.
13:30 of 2nd period - Stopped by Frederik Andersen with a rebound.
13:52 of 2nd period - Slapshot by Noah Dobson.
13:52 of 2nd period - Shot Misses the Net.
14:08 of 2nd period - Colton Parayko is hit by Seth Jarvis and loses puck.
14:15 of 2nd period - Noah Dobson is hit by Evander Kane and loses puck.
14:56 of 2nd period - Wrist shot by Peyton Krebs.
14:56 of 2nd period - Stopped by Frederik Andersen without a rebound.
14:57 of 2nd period - Peyton Krebs wins face-off versus Elias Pettersson in St.Louis Blues zone.
15:06 of 2nd period - Snap shot by Tyler Gaudet.
15:06 of 2nd period - Stopped by Frederik Andersen without a rebound.
15:07 of 2nd period - Robert Thomas wins face-off versus Seth Jarvis in St.Louis Blues zone.
16:01 of 2nd period - Slapshot by Alex Pietrangelo.
16:01 of 2nd period - Shot Misses the Net.
16:03 of 2nd period - Slapshot by Alex DeBrincat.
16:03 of 2nd period - Shot Misses the Net.
16:05 of 2nd period - Slapshot by Alex Pietrangelo.
16:05 of 2nd period - Shot Blocked by Mike Matheson.
16:07 of 2nd period - Slapshot by Colton Parayko.
16:07 of 2nd period - Shot Misses the Net.
16:29 of 2nd period - Slapshot by Erik Brannstrom.
16:29 of 2nd period - Stopped by Frederik Andersen without a rebound.
16:30 of 2nd period - Seth Jarvis wins face-off versus Robert Thomas in St.Louis Blues zone.
16:37 of 2nd period - Snap shot by Jake Guentzel.
16:37 of 2nd period - Goal by Jake Guentzel - Los Angeles Kings : 3 - St.Louis Blues : 2.
16:38 of 2nd period - Seth Jarvis wins face-off versus Robert Thomas in neutral zone.
17:20 of 2nd period - Icing by Colton Parayko.
17:21 of 2nd period - Nicklas Backstrom wins face-off versus Joe Pavelski in St.Louis Blues zone.
18:36 of 2nd period - Slapshot by Jimmy Vesey.
18:36 of 2nd period - Stopped by Aaron Dell with a rebound.
18:38 of 2nd period - Wrist shot by Curtis Lazar.
18:38 of 2nd period - Shot Misses the Net.
18:48 of 2nd period - Slapshot by Noah Dobson.
18:48 of 2nd period - Stopped by Frederik Andersen with a rebound.
18:50 of 2nd period - Slapshot by K'Andre Miller.
18:50 of 2nd period - Stopped by Frederik Andersen with a rebound.
18:52 of 2nd period - Slapshot by Andrei Svechnikov.
18:52 of 2nd period - Shot Misses the Net.
18:54 of 2nd period - Wrist shot by Kirby Dach.
18:54 of 2nd period - Stopped by Frederik Andersen without a rebound.
18:55 of 2nd period - Robert Thomas wins face-off versus Nicklas Backstrom in St.Louis Blues zone.
19:10 of 2nd period - Backhand shot by Jake Guentzel.
19:10 of 2nd period - Stopped by Aaron Dell with a rebound.
19:20 of 2nd period - Erik Brannstrom is hit by Alex Pietrangelo and loses puck.
19:49 of 2nd period - Icing by Tage Thompson.
19:50 of 2nd period - Peyton Krebs wins face-off versus Joe Pavelski in St.Louis Blues zone.
Goals for this period are 3 for Los Angeles Kings vs 2 for St.Louis Blues.
Shots for this period are 14 for Los Angeles Kings vs 8 for St.Louis Blues.
3rd period
0:01 of 3rd period - Robert Thomas wins face-off versus Seth Jarvis in neutral zone.
0:04 of 3rd period - Slapshot by Elias Pettersson.
0:04 of 3rd period - Shot Misses the Net.
0:06 of 3rd period - Backhand shot by Alex Pietrangelo.
0:06 of 3rd period - Shot Misses the Net.
0:08 of 3rd period - Wrist shot by Robert Thomas.
0:08 of 3rd period - Shot Misses the Net.
0:10 of 3rd period - Wrist shot by Colton Parayko.
0:10 of 3rd period - Stopped by Aaron Dell with a rebound.
0:12 of 3rd period - Snap shot by Elias Pettersson.
0:12 of 3rd period - Stopped by Aaron Dell without a rebound.
0:13 of 3rd period - Robert Thomas wins face-off versus Seth Jarvis in Los Angeles Kings zone.
0:48 of 3rd period - Snap shot by Ryan Reaves.
0:48 of 3rd period - Deflect By Alex DeBrincat.
0:48 of 3rd period - Stopped by Frederik Andersen with a rebound.
0:52 of 3rd period - Wrist shot by Peyton Krebs.
0:52 of 3rd period - Shot Misses the Net.
1:07 of 3rd period - Icing by Andrei Svechnikov.
1:08 of 3rd period - Robert Thomas wins face-off versus Andrei Svechnikov in Los Angeles Kings zone.
1:51 of 3rd period - Slapshot by Evander Kane.
1:51 of 3rd period - Shot Misses the Net.
2:21 of 3rd period - Mike Matheson is hit by Jimmy Vesey and loses puck.
2:32 of 3rd period - Frederick Gaudreau is hit by Erik Brannstrom.
3:13 of 3rd period - Snap shot by Evander Kane.
3:13 of 3rd period - Deflect By Jack Eichel.
3:13 of 3rd period - Stopped by Aaron Dell without a rebound.
3:14 of 3rd period - Robert Thomas wins face-off versus Peyton Krebs in Los Angeles Kings zone.
3:48 of 3rd period - Slapshot by Alexander Radulov.
3:48 of 3rd period - Stopped by Frederik Andersen without a rebound.
3:49 of 3rd period - Robert Thomas wins face-off versus Peyton Krebs in St.Louis Blues zone.
4:02 of 3rd period - Wrist shot by Elias Pettersson.
4:02 of 3rd period - Shot Blocked by Erik Brannstrom.
4:24 of 3rd period - Slapshot by Alex DeBrincat.
4:24 of 3rd period - Shot Hit the Post.
4:26 of 3rd period - Wrist shot by Tage Thompson.
4:26 of 3rd period - Goal by Tage Thompson - Los Angeles Kings : 3 - St.Louis Blues : 3.
4:27 of 3rd period - Robert Thomas wins face-off versus Seth Jarvis in neutral zone.
4:32 of 3rd period - Snap shot by Elias Pettersson.
4:32 of 3rd period - Shot Blocked by Jakub Zboril.
4:34 of 3rd period - Slapshot by Alex Pietrangelo.
4:34 of 3rd period - Stopped by Aaron Dell without a rebound.
4:35 of 3rd period - Robert Thomas wins face-off versus Seth Jarvis in Los Angeles Kings zone.
4:57 of 3rd period - Icing by Colton Parayko.
4:58 of 3rd period - Robert Thomas wins face-off versus Peyton Krebs in St.Louis Blues zone.
5:03 of 3rd period - K'Andre Miller is hit by Jack Eichel and loses puck.
5:44 of 3rd period - K'Andre Miller is hit by Joe Pavelski and loses puck.
6:07 of 3rd period - Slapshot by Frederick Gaudreau.
6:07 of 3rd period - Stopped by Aaron Dell with a rebound.
7:41 of 3rd period - Wrist shot by Elias Pettersson.
7:41 of 3rd period - Shot Misses the Net.
8:00 of 3rd period - Minor Penalty to Mike Matheson for Hooking.
8:01 of 3rd period - Kirby Dach wins face-off versus Joe Pavelski in Los Angeles Kings zone.
8:18 of 3rd period - Wrist shot by Nicklas Backstrom.
8:18 of 3rd period - Shot Misses the Net.
8:20 of 3rd period - Snap shot by Andrei Svechnikov.
8:20 of 3rd period - Stopped by Frederik Andersen without a rebound.
8:21 of 3rd period - Kirby Dach wins face-off versus Joe Pavelski in St.Louis Blues zone.
8:48 of 3rd period - Snap shot by Nicklas Backstrom.
8:48 of 3rd period - Stopped by Frederik Andersen without a rebound.
8:49 of 3rd period - Kirby Dach wins face-off versus Joe Pavelski in St.Louis Blues zone.
8:52 of 3rd period - Wrist shot by Kirby Dach.
8:52 of 3rd period - Goal by Kirby Dach - Los Angeles Kings : 4 - St.Louis Blues : 3.
8:53 of 3rd period - Joe Pavelski wins face-off versus Kirby Dach in neutral zone.
8:58 of 3rd period - Snap shot by Joe Pavelski.
8:58 of 3rd period - Stopped by Aaron Dell with a rebound.
9:00 of 3rd period - Slapshot by Morgan Rielly.
9:00 of 3rd period - Shot Misses the Net.
9:20 of 3rd period - Morgan Rielly is hit by Erik Brannstrom and loses puck.
9:43 of 3rd period - Slapshot by Dominik Kubalik.
9:43 of 3rd period - Shot Misses the Net.
10:00 of 3rd period - Penalty to Mike Matheson is over, Mike Matheson is back on ice.
10:16 of 3rd period - Evan Polei is hit by Jimmy Vesey and loses puck.
10:27 of 3rd period - Slapshot by Noah Dobson.
10:27 of 3rd period - Shot Hit the Post.
10:47 of 3rd period - Snap shot by Alexander Radulov.
10:47 of 3rd period - Deflect By Dominik Kubalik.
10:47 of 3rd period - Stopped by Frederik Andersen with a rebound.
11:17 of 3rd period - Joe Pavelski is hit by Evan Polei and loses puck.
11:25 of 3rd period - Wrist shot by Erik Brannstrom.
11:25 of 3rd period - Stopped by Frederik Andersen with a rebound.
12:04 of 3rd period - Evander Kane is hit by Dominik Kubalik and loses puck.
12:14 of 3rd period - Icing by Jack Eichel.
12:15 of 3rd period - Nicklas Backstrom wins face-off versus Frederick Gaudreau in St.Louis Blues zone.
12:26 of 3rd period - Slapshot by Alex Pietrangelo.
12:26 of 3rd period - Stopped by Aaron Dell with a rebound.
12:28 of 3rd period - Snap shot by Jimmy Vesey.
12:28 of 3rd period - Shot Misses the Net.
12:30 of 3rd period - Slapshot by Alex Pietrangelo.
12:30 of 3rd period - Stopped by Aaron Dell without a rebound.
12:31 of 3rd period - Robert Thomas wins face-off versus Seth Jarvis in Los Angeles Kings zone.
12:32 of 3rd period - Snap shot by Elias Pettersson.
12:32 of 3rd period - Shot Misses the Net.
12:34 of 3rd period - Slapshot by Jonas Brodin.
12:34 of 3rd period - Shot Misses the Net.
12:40 of 3rd period - Wrist shot by Robert Thomas.
12:40 of 3rd period - Shot Misses the Net.
12:42 of 3rd period - Wrist shot by Robert Thomas.
12:42 of 3rd period - Shot Misses the Net.
12:44 of 3rd period - Snap shot by Jake Guentzel.
12:44 of 3rd period - Shot Blocked by Seth Jarvis.
12:46 of 3rd period - Slapshot by Morgan Rielly.
12:46 of 3rd period - Stopped by Aaron Dell with a rebound.
12:48 of 3rd period - Slapshot by Jake Guentzel.
12:48 of 3rd period - Goal by Jake Guentzel - Los Angeles Kings : 4 - St.Louis Blues : 4.
12:49 of 3rd period - Robert Thomas wins face-off versus Nicklas Backstrom in neutral zone.
12:52 of 3rd period - Snap shot by Elias Pettersson.
12:52 of 3rd period - Shot Misses the Net.
12:58 of 3rd period - Wrist shot by Jake Guentzel.
12:58 of 3rd period - Shot Blocked by Nicklas Backstrom.
13:00 of 3rd period - Slapshot by Alex Pietrangelo.
13:00 of 3rd period - Stopped by Aaron Dell with a rebound.
13:02 of 3rd period - Wrist shot by Colton Parayko.
13:02 of 3rd period - Shot Blocked by Jakub Zboril.
13:04 of 3rd period - Slapshot by Elias Pettersson.
13:04 of 3rd period - Shot Misses the Net.
14:08 of 3rd period - Curtis Lazar is hit by Tyler Gaudet and loses puck.
14:18 of 3rd period - Icing by Jimmy Vesey.
14:19 of 3rd period - Nicklas Backstrom wins face-off versus Jake Guentzel in St.Louis Blues zone.
14:45 of 3rd period - Off-side.
14:46 of 3rd period - Cooper Marody wins face-off versus Joe Pavelski in neutral zone.
15:24 of 3rd period - Snap shot by Joe Pavelski.
15:24 of 3rd period - Shot Misses the Net.
15:43 of 3rd period - Slapshot by K'Andre Miller.
15:43 of 3rd period - Deflect By Tyler Gaudet.
15:43 of 3rd period - Stopped by Frederik Andersen without a rebound.
15:44 of 3rd period - Jack Eichel wins face-off versus Cooper Marody in St.Louis Blues zone.
15:51 of 3rd period - Snap shot by Evander Kane.
15:51 of 3rd period - Stopped by Aaron Dell without a rebound.
15:52 of 3rd period - Cooper Marody wins face-off versus Jack Eichel in Los Angeles Kings zone.
16:05 of 3rd period - Slapshot by Erik Brannstrom.
16:05 of 3rd period - Shot Misses the Net.
16:07 of 3rd period - Snap shot by Mike Matheson.
16:07 of 3rd period - Shot Blocked by Ondrej Kase.
16:55 of 3rd period - Off-side.
16:56 of 3rd period - Jake Guentzel wins face-off versus Peyton Krebs in neutral zone.
17:07 of 3rd period - Wrist shot by Peyton Krebs.
17:07 of 3rd period - Goal by Peyton Krebs - Los Angeles Kings : 5 - St.Louis Blues : 4.
17:08 of 3rd period - Robert Thomas wins face-off versus Vitaly Kravtsov in neutral zone.
17:11 of 3rd period - Snap shot by Elias Pettersson.
17:11 of 3rd period - Stopped by Aaron Dell with a rebound.
17:23 of 3rd period - Snap shot by Robert Thomas.
17:23 of 3rd period - Shot Misses the Net.
17:46 of 3rd period - Snap shot by Joe Pavelski.
17:46 of 3rd period - Shot Misses the Net.
18:02 of 3rd period - Snap shot by Nicklas Backstrom.
18:02 of 3rd period - Stopped by Frederik Andersen without a rebound.
18:03 of 3rd period - Cooper Marody wins face-off versus Elias Pettersson in St.Louis Blues zone.
18:30 of 3rd period - Evander Kane is hit by Noah Dobson and loses puck.
18:37 of 3rd period - Slapshot by Ondrej Kase.
18:37 of 3rd period - Shot Misses the Net.
19:06 of 3rd period - Slapshot by Nicklas Backstrom.
19:06 of 3rd period - Shot Blocked by Adam Pelech.
19:18 of 3rd period - St.Louis Blues, Frederik Andersen is pulled from the net.
19:20 of 3rd period - Snap shot by Jake Guentzel.
19:20 of 3rd period - Stopped by Aaron Dell without a rebound.
19:21 of 3rd period - Mike Sullivan call a timeout for St.Louis Blues.
19:21 of 3rd period - Robert Thomas wins face-off versus Nicklas Backstrom in Los Angeles Kings zone.
19:30 of 3rd period - Elias Pettersson is hit by Nicklas Backstrom and loses puck.
19:49 of 3rd period - Wrist shot by Andrei Svechnikov.
19:49 of 3rd period - Shot Blocked by Robert Thomas.
19:51 of 3rd period - Wrist shot by Noah Dobson.
19:51 of 3rd period - Shot Misses the Net.
Goals for this period are 2 for Los Angeles Kings vs 2 for St.Louis Blues.
Shots for this period are 10 for Los Angeles Kings vs 15 for St.Louis Blues.
Back to the Top